 Dungeon Crawl Stone Soup version 0.31.0-9-g3a7656b989 (webtiles) character file.

Game seed: 6802701672433171078

121 Kallu the Apothecary (level 4, -2/48 HPs)
             Began as a Vampire Alchemist on Feb 6, 2024.
             Slain by a gnoll
             ... wielding a +0 flail
              (5 damage)
             ... on level 3 of the Dungeon.
             The game lasted 00:03:24 (2400 turns).

Kallu the Apothecary (Vampire Alchemist)            Turns: 2400, Time: 00:03:25

Health: -2/48      AC: 22    Str:  5 (7)  XL:     4   Next: 77%
Magic:  0/8        EV:  2    Int: 16 (19) God:
Gold:   163        SH:  0    Dex: 12 (14) Spells: 3/9 levels left

rFire   . . .        a - +1 dagger (elec)
rCold   . . .        (no shield)
rNeg    . . .        e - melded +0 robe
rPois   +            (helmet currently unavailable)
rElec   .            o - melded scarf {rC+ rF+}
rCorr   .            s - melded +0 pair of gloves
SInv    +            (boots currently unavailable)
Will    .....        (no amulet)
Stlth   ++           (no ring)
HPRegen 0.48/turn    (no ring)
MPRegen 0.11/turn

%: no passive effects
@: tree-form, healing quickly
A: stationary, stasis, torment immunity, boosted hp, alive, (fangs 3), see
invisible, vampiric 2
a: Exsanguinate


You were on level 3 of the Dungeon.
You were a tree.
You visited 1 branch of the dungeon, and saw 3 of its levels.

You collected 163 gold pieces.

Inventory:

Hand Weapons
 a - a +1 dagger of electrocution (weapon)
Missiles
 f - 8 poisoned darts
Armour
 e - a +0 robe (melded)
 o - a scarf of resistance (melded)
 s - a +0 pair of gloves (melded)
Jewellery
 k - a ring of ice
Scrolls
 c - a scroll of vulnerability {unknown}
 d - 2 scrolls of identify {unknown}
 j - 3 scrolls of torment {unknown}
 l - 2 scrolls of enchant armour {unknown}
 p - a scroll of brand weapon {unknown}
 q - a scroll of noise {unknown}
Potions
 b - 3 potions of magic
 g - 2 potions of lignification
 h - a potion of heal wounds {unknown}
 i - a potion of mutation {unknown}
 m - a potion of cancellation {unknown}
 n - a potion of degeneration
 r - a potion of brilliance {unknown}


   Skills:
 + Level 1.1 Fighting
 - Level 2.1 Dodging
 - Level 3.0 Stealth
 - Level 3.0 Spellcasting
 - Level 0.6 Conjurations
 - Level 1.0 Air Magic
 - Level 5.0 Alchemy


You had 3 spell levels left.
You knew the following spells:

 Your Spells              Type           Power      Damage    Failure   Level
a - Sting                 Conj/Alch      44%        1d5       6%          1
b - Mercury Vapours       Alch/Air       24%        N/A       9%          2
c - Mephitic Cloud        Conj/Alch/Air  9%         N/A       22%         3

Your spell library contained the following spells:

 Spells                   Type           Power      Damage    Failure   Level
 Magic Dart               Conj           16%        1d3       14%         1
 Searing Ray              Conj           8%         2d4       22%         2
 Blink                    Tloc           4%         N/A       28%         2
 Call Imp                 Summ           4%         N/A       28%         2
 Hailstorm                Conj/Ice       3%         3d5       45%         3
 Summon Ice Beast         Ice/Summ       2%         N/A       50%         3
 Olgreb's Toxic Radiance  Alch           18%        N/A       24%         4
 Fulminant Prism          Conj/Alch      5%         3d7       52%         4
 Sticky Flame             Fire/Alch      10%        2d5       54%         4
 Sculpt Simulacrum        Ice/Alch       5%         N/A       100%        6


Dungeon Overview and Level Annotations

Branches:
Dungeon (3/15)

Altars:
Gozag


Innate Abilities, Weirdness & Mutations

You are a tree.
Your roots penetrate the ground, keeping you stationary.
You cannot be teleported.
You are immune to unholy pain and torment.
Your maximum health is greatly increased.
Your equipment is partially melded.
Your natural rate of healing is accelerated.
((You have razor-sharp teeth.))
You have supernaturally acute eyesight. (SInv)
You are afflicted with vampirism and can become a bat while bloodless.


Message History

Aim: a gnoll, wielding a +0 flail (75% to hit)
You miscast Sting.
You are very lightly contaminated with residual magic.
Nothing appears to happen.
The gnoll attacks as it pursues you! The gnoll hits you with a +0 flail!
* * * LOW HITPOINT WARNING * * *
It was a potion of lignification.
You turn into a tree.
Your scarf of resistance melds into your body.
Your +0 pair of gloves melds into your body.
Your +0 robe melds into your body.
You feel hot and cold all over.
Your roots penetrate the ground.
The gnoll hits you but does no damage.
Unknown command.
You hit the gnoll.
The gnoll is moderately wounded.
The gnoll hits you but does no damage.
You closely miss the gnoll.
The gnoll is moderately wounded.
The gnoll hits you but does no damage.
You hit the gnoll.
The gnoll is heavily wounded.
The gnoll hits you with a +0 flail!
* * * LOW HITPOINT WARNING * * *
Unknown command.
You hit the gnoll but do no damage.
The gnoll is heavily wounded.
The gnoll hits you but does no damage.
Your magical contamination has completely faded away.
Aiming: Sting (safe; 4% risk of failure)
Press: ? - help, Q - select action, (/) - cycle Shift-Dir - straight line, f/p - gnoll
Aim: a gnoll, wielding a +0 flail (heavily wounded, 75% to hit)
The sting hits the gnoll but does no damage.
The gnoll is poisoned.
The gnoll is heavily wounded.
The gnoll hits you but does no damage.
Unknown command.
It was a potion of degeneration.
There was something very wrong with that liquid.
You feel weakened.
You feel dopey.
You feel clumsy. The gnoll hits you with a +0 flail.
You die...

#...# ### #...# ... . #...#
#.# # #.####...# #.#.#
#......... .. #.#.
.......... ....###..
#......... ........#
..####...# #♣# # #...# #g###
#...# ## #### #####g..#
###...# #.##.. ..##.#..#
.....# #$#(#####.##.##.# #
##.#.## #g.......##.#
..##.###......
##.##...).†.#.♣.#.........##
##...##.####...#...#.......
##.#####.# #[# .#.......##


You could see 2 gnolls.

Vanquished Creatures
  Natasha (thrice) (D:3)
  A gnoll (D:3)
  2 bats
  4 endoplasms
  4 giant cockroaches (D:1)
  3 goblins
  6 hobgoblins
  A kobold (D:2)
  A quokka (D:3)
  4 ball pythons
  3 frilled lizards
  4 rats
36 creatures vanquished.

Notes
Turn   | Place    | Note
-------+----------+-------------------------------------------
     0 | D:1      | Kallu the Vampire Alchemist began the quest for the Orb.
     0 | D:1      | Reached XP level 1. HP: 13/13 MP: 3/3
   391 | D:1      | Reached XP level 2. HP: 19/19 MP: 3/5
   615 | D:1      | Learned a level 2 spell: Mercury Vapours
  1240 | D:2      | Found a faded altar of an unknown god.
  1889 | D:3      | Noticed Natasha
  1894 | D:3      | Killed Natasha
  1895 | D:3      | Reached skill level 4 in Alchemy
  1895 | D:3      | Gained mutation: You are afflicted with vampirism and can
                  | become a bat while bloodless. [Vampire growth]
  1895 | D:3      | Reached XP level 3. HP: 20/24 MP: 2/7
  1899 | D:3      | Learned a level 3 spell: Mephitic Cloud
  2054 | D:3      | Noticed Natasha
  2066 | D:3      | Killed Natasha
  2067 | D:3      | Reached XP level 4. HP: 26/30 MP: 1/8
  2134 | D:3      | Noticed Natasha
  2139 | D:3      | Killed Natasha
  2140 | D:3      | Reached skill level 5 in Alchemy
  2140 | D:3      | Reached skill level 1 in Air Magic
  2214 | D:3      | Found an opulent altar of Gozag.
  2388 | D:3      | Reached skill level 1 in Fighting
  2397 | D:3      | HP: 1/48 [gnoll/+0 flail (7)]
  2400 | D:3      | Slain by a gnoll

Illustrated notes

Levels and vault maps discovered:
D:1:      dpeg_arrival_erosion, layout_basic
D:2:      layout_loops_ring, shapermc_ecumenical_altar_venn
D:3:      layout_loops_cross, nicolae_gozag_cash_rules_everything_around_me,
          elyvilon_altar_1, uniq_natasha

Skill      XL: |  1  2  3  4 |
---------------+-------------+-----
Spellcasting   | 3 |  3.0
Alchemy        | 4 5 |  5.0
Air Magic      | 1 |  1.0
Fighting       | 1 |  1.1
Dodging        | |  2.1
Stealth        | |  3.0
Conjurations   | |  0.6

Action                     |  1- 3 |  4- 6 || total
---------------------------+-------+-------++-------
  Melee: Unarmed           |    14 |       ||    14
         Dagger            |    29 |    18 ||    47
         Bite              |     2 |     1 ||     3
         Punch             |     1 |       ||     1
   Cast: Sting             |    27 |    14 ||    41
         Mephitic Cloud    |     1 |       ||     1
         Mercury Vapours   |       |     1 ||     1
    Use: Potion            |       |     2 ||     2
   Stab: Sleeping          |     1 |       ||     1
 Armour: Robe              |    21 |    14 ||    35
         Skin              |       |     7 ||     7
  Dodge: Dodged            |    28 |    24 ||    52
